[Event "ICC tourney 1923 (15 5)"]
[Site "Internet Chess Club"]
[Date "2020.07.17"]
[Round "3"]
[White "oxdidi"]
[Black "amdink"]
[Result "0-1"]
[ICCResult "White resigns"]
[WhiteElo "1256"]
[BlackElo "1538"]
[Opening "Giuoco Piano"]
[ECO "C54"]
[NIC "IG.02"]
[Time "14:21:30"]
[TimeControl "900+5"]

1. e4 e5 2. Nf3 Nc6 3. Bc4 Bc5 4. c3 Nf6 5. d3 h6 6. Nbd2 O-O 7. O-O d6 8.
h3 Be6 9. Bb3 Bb6 10. Re1 a5 11. Nf1 a4 12. Bc2 Nh5 13. Qe2 Nf4 14. Bxf4
exf4 15. Qd2 Qf6 16. N1h2 a3 17. bxa3 Rxa3 18. d4 Bc8 19. e5 dxe5 20. dxe5
Qe7 21. Qxf4 Rxc3 22. Qd2 Ba5 23. Qf4 Rxc2 24. Qg3 Bxe1 25. Rxe1 Rxa2 26.
Ng4 Bxg4 27. Qxg4 Qc5 28. Nh4 Qxf2+ 29. Kh2 Qxe1 30. Nf5 Qxe5+ 31. Ng3 Nd4
{White resigns}
0-1

[Event "ICC tourney 1923 (15 5)"]
[Site "Internet Chess Club"]
[Date "2020.07.17"]
[Round "3"]
[White "Kamatchimuthu"]
[Black "aadihetamsaria"]
[Result "0-1"]
[ICCResult "White checkmated"]
[WhiteElo "1339"]
[BlackElo "1485"]
[Opening "Queen's gambit declined"]
[ECO "D30"]
[NIC "QP.08"]
[Time "14:23:24"]
[TimeControl "900+5"]

1. d4 d5 2. c4 e6 3. e3 c5 4. Nf3 Nc6 5. cxd5 exd5 6. Bb5 Bg4 7. O-O Nf6 8.
Nc3 cxd4 9. exd4 Be7 10. Bg5 O-O 11. h3 Bh5 12. Rc1 h6 13. Bxf6 Bxf6 14. Ne2
Qb6 15. Bxc6 bxc6 16. Qa4 Qxb2 17. Nf4 Bxf3 18. gxf3 Qxd4 19. Qxd4 Bxd4 20.
Rxc6 Rfd8 21. Rd1 Be5 22. Nd3 Bf6 23. Nf4 d4 24. Rc4 Rac8 25. Rxc8 Rxc8 26.
Ne2 Rd8 27. Nf4 Bg5 28. Ne2 d3 29. Nc3 d2 30. Kg2 Rc8 31. Ne2 Rc1 32. Nxc1
dxc1=Q 33. Rxc1 Bxc1 34. Kg3 f6 35. f4 Kf7 36. Kf3 Kg6 37. Ke4 a5 38. Kd4
Kf5 39. Kc4 Kxf4 40. Kb5 Bd2 41. a4 Kf3 42. Ka6 Kxf2 43. Kb5 f5 44. Ka6 f4
45. Kb5 Ke3 46. Ka6 f3 47. Kb5 f2 48. Ka6 f1=Q+ 49. Kb6 Qc1 50. Ka7 Qb2 51.
Ka8 Ke4 52. h4 Be3 53. h5 g6 54. hxg6 Qb6 55. g7 Qa7# {White checkmated} 0-1

[Event "ICC tourney 1923 (15 5)"]
[Site "Internet Chess Club"]
[Date "2020.07.17"]
[Round "3"]
[White "AJRChess2011"]
[Black "NK2007"]
[Result "0-1"]
[ICCResult "White forfeits on time"]
[WhiteElo "1391"]
[BlackElo "1174"]
[Opening "Sicilian defense"]
[ECO "B30"]
[NIC "SI.31"]
[Time "14:23:00"]
[TimeControl "900+5"]

1. e4 c5 2. Nf3 Nc6 3. Nc3 a6 4. d4 cxd4 5. Nxd4 e5 6. Nf3 d6 7. Be3 Nf6 8.
Qd2 Be6 9. O-O-O Be7 10. Be2 O-O 11. Qe1 b5 12. Nd5 Nxe4 13. Bb6 Qd7 14.
Nxe7+ Qxe7 15. Kb1 Rfb8 16. Be3 b4 17. Bd3 d5 18. Bxe4 dxe4 19. Ng5 Bf5 20.
Qe2 h6 21. g4 Bg6 22. Nh3 b3 23. cxb3 a5 24. Rc1 Nb4 25. Rc4 Nd3 26. g5 a4
{White forfeits on time}
0-1

[Event "ICC tourney 1923 (15 5)"]
[Site "Internet Chess Club"]
[Date "2020.07.17"]
[Round "3"]
[White "agrimjax1"]
[Black "chessisfunsp"]
[Result "0-1"]
[ICCResult "White checkmated"]
[WhiteElo "1430"]
[BlackElo "1711"]
[Opening "Giuoco Pianissimo: Italian four knights variation"]
[ECO "C50"]
[NIC "IG.02"]
[Time "14:22:34"]
[TimeControl "900+5"]

1. e4 e5 2. Nf3 Nc6 3. Bc4 Bc5 4. Nc3 Nf6 5. d3 O-O 6. Bg5 h6 7. Bh4 d6 8.
Nd5 g5 9. Nxg5 Nxd5 10. Bxd5 hxg5 11. Qh5 Qf6 12. Bxg5 Qxf2+ 13. Kd1 Ne7 14.
Bxe7 Qxg2 15. Qg5+ Qxg5 16. Bxg5 c6 17. Bb3 a5 18. a4 Kh7 19. Kd2 f5 20.
exf5 Bxf5 21. Be7 Rfe8 22. Bg5 d5 23. Raf1 Bh3 24. Rf6 Kg7 25. Rh6 Rh8 26.
Rxh8 Rxh8 27. Re1 Kg6 28. Rxe5 Bd6 29. Bf4 Bxe5 30. Bxe5 Rh7 31. Bd6 Bg4 32.
c4 d4 33. c5 Rh5 34. Ba2 Kf6 35. Bb3 Rf5 36. Bc2 Ke6 37. Bb3+ Kd7 38. Bc4 b6
39. h4 bxc5 40. Bg3 Rf3 41. Be5 Rf2+ 42. Kc1 Rf1+ 43. Kd2 Rd1+ 44. Kc2 Rh1
45. Bf6 Bd1+ 46. Kd2 Bxa4 47. b3 Bb5 48. Kc2 a4 49. bxa4 Bxa4+ 50. Kd2 Rh2+
51. Ke1 Bb5 52. Bg5 Bxc4 53. dxc4 Ke6 54. h5 Rxh5 55. Bd2 Rh1+ 56. Ke2 Rh2+
57. Kd3 Rxd2+ 58. Kxd2 Ke5 59. Kd3 Kf4 60. Kd2 Ke4 61. Ke2 d3+ 62. Kd2 Kd4
63. Kd1 Kxc4 64. Kd2 Kd4 65. Kd1 Kc3 66. Kc1 d2+ 67. Kd1 c4 68. Ke2 Kc2 69.
Kf3 d1=Q+ 70. Kf4 c3 71. Kf5 Kb2 72. Ke5 c2 73. Ke4 c1=Q 74. Kf5 Qe3 75. Kf6
Qdf3+ 76. Kg6 Qe6+ 77. Kg7 Qfg4+ 78. Kh7 Qeg6+ 79. Kh8 Qg7# {White
checkmated} 0-1

[Event "ICC tourney 1923 (15 5)"]
[Site "Internet Chess Club"]
[Date "2020.07.17"]
[Round "3"]
[White "Queen2812"]
[Black "cheesehead146"]
[Result "1-0"]
[ICCResult "Black forfeits on time"]
[WhiteElo "1329"]
[BlackElo "1210"]
[Opening "Queen's pawn, Mason variation"]
[ECO "D00"]
[NIC "QP.08"]
[Time "14:21:34"]
[TimeControl "900+5"]

1. d4 d5 2. Bf4 c6 3. e3 Nf6 4. c3 Qb6 5. Qb3 Bf5 6. Nd2 Nbd7 7. Ngf3 e6 8.
Be2 Be7 9. O-O O-O 10. Nh4 Bg4 11. Bxg4 Nxg4 12. Nhf3 Rfe8 13. h3 Ngf6 14.
Qc2 Nf8 15. b4 Ng6 16. Bh2 Rac8 17. e4 dxe4 18. Nxe4 a5 19. a3 h6 20. Nfd2
Red8 21. Nc4 Qa7 22. Nxf6+ Bxf6 23. Nxa5 b6 24. Nc4 c5 25. Nd6 Rc6 26. Nb5
Qa6 27. Nc7 Qa7 28. Nb5 Qa6 29. Nd6 cxd4 30. b5 Rxc3 31. Qxc3 dxc3 32. bxa6
c2 33. Rac1 e5 34. Ne4 Be7 35. Rxc2 Bxa3 36. Ra2 Bc5 37. Nxc5 bxc5 38. a7
Ra8 39. Rb1 c4 40. Rb8+ Rxb8 41. axb8=Q+ Kh7 42. Bxe5 f6 43. Bh2 c3 44. Qb1
h5 45. Ra5 Kh6 46. Qc1+ Kh7 47. Rxh5+ {Black forfeits on time} 1-0

[Event "ICC tourney 1923 (15 5)"]
[Site "Internet Chess Club"]
[Date "2020.07.17"]
[Round "3"]
[White "royayush"]
[Black "WizardY"]
[Result "1-0"]
[ICCResult "Black forfeits on time"]
[WhiteElo "1434"]
[BlackElo "1484"]
[Opening "King's Indian: 5.Nf3"]
[ECO "E90"]
[NIC "KI.21"]
[Time "14:21:26"]
[TimeControl "900+5"]

1. d4 Nf6 2. c4 g6 3. Nc3 Bg7 4. e4 d6 5. Nf3 O-O 6. Bd3 Nc6 7. a3 Bg4 8. d5
Ne5 9. Be2 Bxf3 10. Bxf3 Nxc4 11. O-O Ne5 12. Be2 Ned7 13. f4 Nc5 14. Bf3 a6
15. e5 dxe5 16. fxe5 Nfd7 17. b4 Bxe5 18. Bb2 Bd4+ 19. Qxd4 Nb3 20. Qd3 Nxa1
21. Bxa1 Ne5 22. Qd4 Nxf3+ 23. Rxf3 f6 24. Ne4 b6 25. Qc4 Kh8 26. Ng5 b5 27.
Qb3 Qd7 28. Rh3 h5 29. Qd3 Qe8 30. d6 cxd6 31. Qd5 Rc8 32. Qd2 Qc6 33. Bc3
Qb6+ 34. Kh1 Qb7 35. Ne6 {Black forfeits on time} 1-0

[Event "ICC tourney 1923 (15 5)"]
[Site "Internet Chess Club"]
[Date "2020.07.17"]
[Round "3"]
[White "gambit02"]
[Black "strongcarrot"]
[Result "0-1"]
[ICCResult "White checkmated"]
[WhiteElo "1230"]
[BlackElo "1418"]
[Opening "QGD Slav: 4.Nc3"]
[ECO "D15"]
[NIC "SL.03"]
[Time "14:21:26"]
[TimeControl "900+5"]

1. d4 d5 2. Nf3 Nf6 3. c4 c6 4. Nc3 Bg4 5. h3 Bh5 6. e3 e6 7. Be2 Bb4 8. Bd2
Nbd7 9. O-O O-O 10. Qc2 Bg6 11. Qd1 Qc7 12. Nxd5 Nxd5 13. cxd5 Bxd2 14. dxe6
fxe6 15. Qxd2 Nf6 16. Bc4 Rfe8 17. Ng5 Bf7 18. Qc3 h6 19. Nf3 Nd5 20. Qb3
Rad8 21. Ne5 Nb6 22. Bd3 Nd7 23. Bh7+ Kxh7 24. Nxf7 Rb8 25. Qd3+ Kg8 26. Qg6
Kf8 27. Qh5 Nf6 28. Qc5+ Kxf7 29. Qxa7 Ne4 30. Qa3 Qd6 31. Qd3 Nf6 32. Qe2
e5 33. Qc4+ Qd5 34. Qd3 exd4 35. exd4 Rbd8 36. Rfd1 c5 37. Qg3 cxd4 38. Qc7+
Rd7 39. Qb6 Red8 40. Rd3 Ne4 41. Rf3+ Kg8 42. Rd3 Nc5 43. Rd2 d3 44. Rad1
Qc4 45. Qa5 Ne4 46. Rxd3 Rxd3 47. Qxd8+ Rxd8 48. Rxd8+ Kh7 49. Rd1 Qe2 50.
Rb1 Qxf2+ 51. Kh2 Qc2 52. Re1 Qxb2 53. Rxe4 Qxa2 54. Kg3 Qb3+ 55. Kf4 b5 56.
Re3 Qc4+ 57. Re4 Qxe4+ 58. Kxe4 Kg6 59. Kd4 Kg5 60. g3 Kf5 61. Kc5 Ke4 62.
Kxb5 Kf3 63. Kc5 Kxg3 64. Kd5 Kxh3 65. Ke6 g5 66. Kf5 Kh4 67. Kg6 g4 68.
Kxh6 g3 69. Kh7 g2 70. Kg7 g1=Q+ 71. Kf6 Qc5 72. Ke6 Kg4 73. Kf6 Qd5 74. Kg6
Qe6+ 75. Kg7 Kg5 76. Kh8 Qd7 77. Kg8 Kg6 78. Kh8 Qd8# {White checkmated} 0-1

[Event "ICC tourney 1923 (15 5)"]
[Site "Internet Chess Club"]
[Date "2020.07.17"]
[Round "3"]
[White "Vidipkona"]
[Black "stephenwilly"]
[Result "1-0"]
[ICCResult "Black checkmated"]
[WhiteElo "1587"]
[BlackElo "1606"]
[Opening "Ruy Lopez: classical (Cordel) defense"]
[ECO "C64"]
[NIC "RL.01"]
[Time "14:21:27"]
[TimeControl "900+5"]

1. e4 e5 2. Nf3 Nc6 3. Bb5 Bc5 4. O-O d6 5. d3 Nf6 6. c3 O-O 7. Nbd2 Bg4 8.
Re1 a6 9. Ba4 h6 10. Nf1 Re8 11. h3 Bh5 12. Ng3 Bg6 13. b4 Bb6 14. Bb3 a5
15. b5 Na7 16. a4 c6 17. c4 Nh5 18. Nf1 Nf6 19. Be3 Bxe3 20. Rxe3 Nh5 21. g3
Nf6 22. Rc1 Qd7 23. Qd2 Qxh3 24. N1h2 b6 25. Bd1 c5 26. Be2 Qd7 27. Bf1 Nc8
28. Bg2 Ne7 29. Kf1 Bh5 30. Ke2 Ng6 31. Kd1 Ng4 32. Nxg4 Bxg4 33. Kc2 Nf8
34. Kb2 Ne6 35. Ne1 Nd4 36. Nc2 Reb8 37. Nxd4 cxd4 38. Ree1 Qc7 39. Rh1 Qc5
40. Kb3 Kh7 41. f3 Be6 42. g4 f6 43. Rh2 g5 44. Rch1 Kg7 45. Rxh6 Rh8 46.
Rxh8 Rxh8 47. Rxh8 Kxh8 48. Qe1 Kg7 49. Bf1 d5 50. exd5 Bxd5 51. cxd5 Qxd5+
52. Kb2 Qxf3 53. Be2 Qe3 54. Qd1 Kg6 55. Bf3 Qf2+ 56. Kb3 Qg3 57. Be4+ Kh6
58. Qf3 Qxf3 59. Bxf3 Kg7 60. Be4 Kf7 61. Kc4 Ke6 62. Bf5+ Kd6 63. Bg6 Ke6
64. Bh7 Kd6 65. Bg8 Kc7 66. Kd5 Kd7 67. Be6+ Kc7 68. Bf5 Kb7 69. Ke6 Kc7 70.
Kxf6 Kd6 71. Kxg5 Ke7 72. Kh6 Kf6 73. Be4 Kf7 74. g5 Ke6 75. g6 Ke7 76. g7
Kf7 77. Bd5+ Kf6 78. g8=Q Kf5 79. Qg6+ Kf4 80. Qe4+ Kg3 81. Qf3+ Kh2 82.
Qg2# {Black checkmated} 1-0

[Event "ICC tourney 1923 (15 5)"]
[Site "Internet Chess Club"]
[Date "2020.07.17"]
[Round "3"]
[White "ArsenioB2012"]
[Black "megahertz13"]
[Result "1-0"]
[ICCResult "Black checkmated"]
[WhiteElo "1552"]
[BlackElo "1413"]
[Opening "Queen's pawn: London system"]
[ECO "A45"]
[NIC "QP.07"]
[Time "14:21:27"]
[TimeControl "900+5"]

1. d4 Nf6 2. Bf4 e6 3. e3 d5 4. Nf3 Be7 5. Bd3 Nbd7 6. c3 O-O 7. Nbd2 b6 8.
Ne5 Bb7 9. O-O Nxe5 10. dxe5 Ne4 11. Qg4 Nxd2 12. Rfd1 Nf3+ 13. Qxf3 f5 14.
exf6 Rxf6 15. Qh3 h6 16. Be5 Rf7 17. Qxe6 Qc8 18. Bh7+ Kf8 19. Qxc8+ Rxc8
20. Bg6 Bf6 21. Bxf7 Kxf7 22. Bxf6 Kxf6 23. a4 c5 24. a5 b5 25. a6 Bc6 26.
f3 Re8 27. Kf2 h5 28. h4 g5 29. hxg5+ Kxg5 30. b4 cxb4 31. cxb4 h4 32. Rac1
Re6 33. Rd4 Ba8 34. Rc8 Bc6 35. Rg8+ Kf5 36. Rxh4 Ke5 37. Rg5+ Kd6 38. Rh7
Bd7 39. Rgg7 Bc8 40. Rxa7 d4 41. exd4 Kd5 42. Rac7 Bxa6 43. Rc5+ Kd6 44.
Rhc7 Re8 45. R5c6+ Kd5 46. Rxa6 Kxd4 47. Rd7+ Kc4 48. Rc6+ Kxb4 49. Rd4+ Ka5
50. Rd5 Rb8 51. Rcc5 Ka4 52. Rxb5 Rxb5 53. Rxb5 Kxb5 54. g4 Kc6 55. Ke3 Kd6
56. Kd4 Ke6 57. Ke4 Kf6 58. Kf4 Kg6 59. Ke5 Kf7 60. Kf5 Kg7 61. Ke6 Kf8 62.
Kf6 Kg8 63. Kg6 Kf8 64. Kf6 Kg8 65. Ke7 Kh8 66. f4 Kg7 67. f5 Kh8 68. f6 Kh7
69. f7 Kh8 70. f8=Q+ Kh7 71. Qf7+ Kh8 72. Qe6 Kh7 73. Qf7+ Kh8 74. Qe6 Kh7
75. Kf8 Kh8 76. Qh6# {Black checkmated} 1-0

[Event "ICC tourney 1923 (15 5)"]
[Site "Internet Chess Club"]
[Date "2020.07.17"]
[Round "3"]
[White "luckylol3"]
[Black "arjunk2011"]
[Result "1-0"]
[ICCResult "Black checkmated"]
[WhiteElo "1274"]
[BlackElo "1181"]
[Opening "Sicilian: Smith-Morra gambit"]
[ECO "B21"]
[NIC "SI.48"]
[Time "14:21:27"]
[TimeControl "900+5"]

1. e4 c5 2. d4 cxd4 3. c3 dxc3 4. Nxc3 d6 5. Nf3 Nf6 6. Bc4 Nbd7 7. Qb3 e6
8. O-O Be7 9. Re1 O-O 10. e5 dxe5 11. Nxe5 Nxe5 12. Rxe5 Qd6 13. Re1 Qb4 14.
Qxb4 Bxb4 15. a3 Bxc3 16. bxc3 Bd7 17. Bf4 Rac8 18. Bf1 Rxc3 19. Be5 Rc6 20.
Rad1 Bc8 21. Bb5 Rc5 22. Bd6 Rxb5 23. Bxf8 Kxf8 24. Rd8+ Ke7 25. Rxc8 Ne4
26. h3 Nd6 27. Rcc1 Kd7 28. Red1 Ra5 29. Rc3 Ra4 30. Rcd3 Ra6 31. Kh2 Ke7
32. g4 Ne4 33. Kg2 Ra5 34. Rd7+ Kf6 35. Rxb7 Rxa3 36. Rdd7 Ng5 37. h4 Ne4
38. Rxf7+ Kg6 39. Rxg7+ Kf6 40. Rxa7 Rd3 41. Rxh7 Rd2 42. Rhf7+ Kg6 43. h5+
Kg5 44. Rae7 Kxg4 45. Rxe6 Ng5 46. Rg7 Kxh5 47. Re5 Kh6 48. Rexg5 Rxf2+ 49.
Kh3 Rf3+ 50. Rg3 Rf6 51. R7g4 Rf5 52. Rg6+ Kh5 53. Rg8 Rf6 54. Rh8+ Rh6 55.
Rxh6+ Kxh6 56. Kg4 Kg6 57. Ra3 Kg7 58. Kg5 Kf7 59. Ra6 Ke7 60. Kf5 Kd7 61.
Ke5 Kc7 62. Kd5 Kb7 63. Rh6 Ka7 64. Kc5 Kb7 65. Rg6 Ka7 66. Kb5 Kb7 67. Rg7+
Kc8 68. Kb6 Kd8 69. Kc6 Ke8 70. Kd6 Kf8 71. Ra7 Ke8 72. Rb7 Kf8 73. Ke6 Kg8
74. Kf6 Kh8 75. Kg6 Kg8 76. Rb8# {Black checkmated} 1-0

[Event "ICC tourney 1923 (15 5)"]
[Site "Internet Chess Club"]
[Date "2020.07.17"]
[Round "3"]
[White "nidhi204"]
[Black "nguyencaptures"]
[Result "0-1"]
[ICCResult "White checkmated"]
[WhiteElo "1287"]
[BlackElo "1229"]
[Opening "Giuoco Piano"]
[ECO "C54"]
[NIC "IG.02"]
[Time "14:21:29"]
[TimeControl "900+5"]

1. e4 e5 2. Nf3 Nc6 3. Bc4 Bc5 4. c3 Nf6 5. d4 exd4 6. cxd4 Bb4+ 7. Bd2
Bxd2+ 8. Nbxd2 O-O 9. O-O d6 10. h3 Qe7 11. Qe2 Bd7 12. e5 dxe5 13. dxe5 Ne8
14. Qe4 Rd8 15. Rfe1 Be6 16. Bd3 g6 17. Qe3 Ng7 18. Bc4 Bxc4 19. Nxc4 Nf5
20. Qf4 Rfe8 21. Ne3 Ng7 22. Rad1 Nb8 23. Nd5 Rxd5 24. Rxd5 c6 25. Rd3 Nd7
26. Qe3 b6 27. Qd4 Nc5 28. Rde3 Nf5 29. Qc3 Nxe3 30. Rxe3 Rd8 31. Nd2 Qd7
32. Ne4 Nxe4 33. Rxe4 Qd1+ 34. Re1 Qd5 35. b3 a6 36. Qc4 Qxc4 37. bxc4 Rd4
38. e6 fxe6 39. Rxe6 Rxc4 40. Kf1 Kf7 41. Re3 Kf6 42. f3 Kf5 43. g4+ Kf4 44.
Rb3 b5 45. Ra3 Ra4 46. Rc3 Rxa2 47. Rxc6 Kxf3 48. Rc3+ Kf4 49. Ke1 Ke4 50.
Kd1 b4 51. Rb3 a5 52. Kc1 Kd4 53. Kb1 Rh2 54. Kc1 Kc4 55. Rg3 b3 56. Kb1 a4
57. Rf3 a3 58. Rf4+ Kd3 59. Rf3+ Ke4 60. Rxb3 Rb2+ 61. Rxb2 axb2 62. Kxb2
Kf3 63. Kc3 Kg3 64. Kd4 Kxh3 65. Ke5 Kxg4 66. Kf6 h5 67. Kxg6 h4 68. Kf6 Kg3
69. Kg5 h3 70. Kf5 h2 71. Ke4 h1=Q+ 72. Ke5 Kg4 73. Kd6 Kf5 74. Kc5 Ke6 75.
Kd4 Qd5+ 76. Ke3 Ke5 77. Kf2 Kf4 78. Ke2 Qd4 79. Ke1 Ke3 80. Kf1 Kf3 81. Ke1
Qe3+ 82. Kd1 Qe2+ 83. Kc1 Ke3 84. Kb1 Kd3 85. Ka1 Kc3 86. Kb1 Qb2#
{White checkmated}
0-1

[Event "ICC tourney 1923 (15 5)"]
[Site "Internet Chess Club"]
[Date "2020.07.17"]
[Round "3"]
[White "IGMin2023"]
[Black "savagefire"]
[Result "1-0"]
[ICCResult "Black resigns"]
[WhiteElo "1269"]
[BlackElo "1192"]
[Opening "Réti opening"]
[ECO "A11"]
[NIC "QP.09"]
[Time "14:25:39"]
[TimeControl "900+5"]

1. Nf3 d5 2. c4 c6 3. e3 e6 4. b3 Nf6 5. Bb2 Bd6 6. g3 b6 7. Bg2 Nbd7 8. O-O
Bb7 9. Nc3 O-O 10. Ne2 Qc7 11. Qc2 Rfe8 12. Qc3 Rad8 13. Rac1 e5 14. cxd5
Nxd5 15. Qc2 Nb4 16. Qb1 Bc5 17. a3 Nd5 18. b4 Bd6 19. b5 c5 20. Qc2 a6 21.
bxa6 Bxa6 22. d3 Rc8 23. Ng5 h6 24. Nxf7 Kxf7 25. Bxd5+ Kf8 26. d4 Nf6 27.
Bc4 Bxc4 28. Qxc4 exd4 29. exd4 Qf7 30. Qc2 cxd4 31. Qd2 Ne4 32. Qd3 Bc5 33.
Nxd4 Bxd4 34. Qxd4 Rxc1 35. Rxc1 Nc5 36. Qd6+ Kg8 37. Bc3 Na4 38. Bd4 b5 39.
Qa6 Qd7 40. Be3 Rd8 41. Qa5 Kh8 42. Qb4 Rc8 43. Rxc8+ Qxc8 44. Qxb5 Qa8 45.
Qe5 Qc6 46. Qb8+ Kh7 47. h4 Qf6 48. Qb4 Qa6 49. Qe7 Nc3 50. Kg2 Nd5 51. Qe4+
Kh8 52. Qxd5 Qxa3 53. Qf7 Qa8+ 54. Kh2 Qg8 55. Qh5 Qe6 56. Bd4 Kg8 57. Be3
Qf6 58. Qd5+ Kh7 59. Qd7 Qg6 60. Bd4 h5 61. Qe7 Kh6 62. Be3+ Kh7 63. Qg5
Qxg5 64. Bxg5 g6 65. Kg2 Kg7 66. Kf3 Kf7 67. Kf4 Ke6 68. Ke4 Kd6 69. f4 Ke6
70. Bd8 Kf7 71. Ke5 Kg7 72. Ke6 Kh6 73. Bg5+ Kh7 74. Kf7 Kh8 75. Kxg6
{Black resigns}
1-0

[Event "ICC tourney 1923 (15 5)"]
[Site "Internet Chess Club"]
[Date "2020.07.17"]
[Round "4"]
[White "NimaiG"]
[Black "tanish456"]
[Result "1-0"]
[ICCResult "Black checkmated"]
[WhiteElo "1606"]
[BlackElo "1595"]
[Opening "French: Winawer (Nimzovich) variation"]
[ECO "C15"]
[NIC "FR.08"]
[Time "15:16:27"]
[TimeControl "900+5"]

1. e4 e6 2. d4 d5 3. Nc3 Bb4 4. exd5 exd5 5. Nf3 Nf6 6. Bd3 Nc6 7. O-O Be6
8. a3 Bd6 9. Nb5 Ne7 10. Bg5 Ng6 11. Qd2 Be7 12. Bf4 Ne4 13. Bxe4 dxe4 14.
Nxc7+ Kf8 15. Nxa8 Qxa8 16. Ne5 Nxe5 17. Bxe5 f6 18. Bf4 Kf7 19. d5 Bf5 20.
d6 Rd8 21. Qd5+ Be6 22. Qh5+ g6 23. Qxh7+ Ke8 24. Qxe7# {Black checkmated}
1-0

[Event "ICC tourney 1923 (15 5)"]
[Site "Internet Chess Club"]
[Date "2020.07.17"]
[Round "4"]
[White "amdink"]
[Black "SirAdityaS"]
[Result "1-0"]
[ICCResult "Black checkmated"]
[WhiteElo "1540"]
[BlackElo "1303"]
[Opening "French: Rubinstein variation"]
[ECO "C03"]
[NIC "FR.07"]
[Time "15:16:23"]
[TimeControl "900+5"]

1. e4 e6 2. d4 d5 3. Nd2 dxe4 4. Nxe4 Nd7 5. Nf3 Ngf6 6. Nxf6+ Nxf6 7. Be2
b6 8. O-O Be7 9. Ne5 Bb7 10. c3 O-O 11. Bf3 Bxf3 12. Qxf3 Qd7 13. Nxd7 Nxd7
14. Qg3 Bf6 15. Qxc7 Rfd8 16. Qg3 Nf8 17. Bg5 Bxg5 18. Qxg5 Ng6 19. h4 Rd5
20. Qg4 Rf5 21. h5 Ne7 22. h6 g6 23. d5 Rxd5 24. Qf3 Rf5 25. Qxa8+ Nc8 26.
Qxc8# {Black checkmated} 1-0

[Event "ICC tourney 1923 (15 5)"]
[Site "Internet Chess Club"]
[Date "2020.07.17"]
[Round "4"]
[White "arjun-venkat"]
[Black "thanhcaptures"]
[Result "1/2-1/2"]
[ICCResult "White stalemated"]
[WhiteElo "1266"]
[BlackElo "1361"]
[Opening "Scotch: Schmidt variation"]
[ECO "C45"]
[NIC "SO.04"]
[Time "15:16:21"]
[TimeControl "900+5"]

1. e4 e5 2. Nf3 Nc6 3. d4 exd4 4. Nxd4 Nf6 5. Nc3 Bb4 6. Nxc6 bxc6 7. Bd3
O-O 8. O-O Bxc3 9. bxc3 Qe7 10. Re1 Re8 11. Bg5 d5 12. exd5 Qxe1+ 13. Qxe1
Rxe1+ 14. Rxe1 cxd5 15. Bxf6 gxf6 16. Re8+ Kg7 17. h3 Bb7 18. Rxa8 Bxa8 19.
Kf1 Kh6 20. Ke2 Kg5 21. Bxh7 f5 22. Bg8 d4 23. Bxf7 Bxg2 24. cxd4 Bxh3 25.
Bb3 Bg4+ 26. f3 Bh5 27. Ke3 f4+ 28. Ke4 Bg6+ 29. Ke5 Be8 30. Ke6 Bc6 31. Bd5
Be8 32. Ke7 c6 33. Kxe8 cxd5 34. Kd7 Kh4 35. Kd6 Kg3 36. Kxd5 Kxf3 37. Ke5
Kg3 38. d5 f3 39. d6 f2 40. d7 f1=Q 41. d8=Q Qf4+ 42. Ke6 Qe4+ 43. Kd7 Qxc2
44. Qc7+ Qxc7+ 45. Kxc7 Kf4 46. a4 Ke5 47. a5 Ke6 48. a6 Ke7 49. Kb7 Kd7 50.
Kxa7 Kc7 51. Ka8 Kc8 52. Ka7 Kc7 53. Ka8 Kc8 54. a7 Kc7 {White stalemated}
1/2-1/2

[Event "ICC tourney 1923 (15 5)"]
[Site "Internet Chess Club"]
[Date "2020.07.17"]
[Round "4"]
[White "funstyle"]
[Black "AJRChess2011"]
[Result "0-1"]
[ICCResult "White checkmated"]
[WhiteElo "1391"]
[BlackElo "1439"]
[Opening "Sicilian defense"]
[ECO "B34"]
[NIC "SI.33"]
[Time "15:16:34"]
[TimeControl "900+5"]

1. e4 c5 2. Nf3 Nc6 3. d4 cxd4 4. Nxd4 g6 5. Be3 Bg7 6. Nc3 Nf6 7. Be2 O-O
8. Qd2 Nxd4 9. Bxd4 d6 10. O-O Bd7 11. Be3 Bg4 12. f3 Bd7 13. Bh6 Qb6+ 14.
Kh1 Qxb2 15. Rab1 Qa3 16. Bxg7 Kxg7 17. Rb3 Qa5 18. Rfb1 Bc6 19. Qd3 Qc7 20.
Nd5 Qd7 21. Nxf6 exf6 22. Qc3 Rac8 23. Qb2 Rfe8 24. Bb5 b6 25. Bxc6 Qxc6 26.
Rc1 d5 27. exd5 Qxc2 28. Rxc2 Re1# {White checkmated} 0-1

[Event "ICC tourney 1923 (15 5)"]
[Site "Internet Chess Club"]
[Date "2020.07.17"]
[Round "4"]
[White "aadihetamsaria"]
[Black "Yeetamus123"]
[Result "0-1"]
[ICCResult "White resigns"]
[WhiteElo "1413"]
[BlackElo "1387"]
[Opening "Danish gambit"]
[ECO "C21"]
[NIC "KP.04"]
[Time "15:16:23"]
[TimeControl "900+5"]

1. e4 e5 2. d4 exd4 3. c3 dxc3 4. Nxc3 Nc6 5. Bc4 Nf6 6. Nf3 Bc5 7. Bg5 h6
8. Bh4 Be7 9. e5 Ng4 10. Bxe7 Qxe7 11. O-O O-O 12. Re1 Ncxe5 13. Nxe5 Nxe5
14. Qd4 Nc6 15. Rxe7 Nxd4 16. Rae1 d6 17. Re8 Be6 18. Rxa8 Rxa8 19. Bxe6
fxe6 20. Ne4 Rf8 21. Rc1 Ne2+ {White resigns} 0-1

[Event "ICC tourney 1923 (15 5)"]
[Site "Internet Chess Club"]
[Date "2020.07.17"]
[Round "4"]
[White "savagefire"]
[Black "gusfalconjr"]
[Result "0-1"]
[ICCResult "White resigns"]
[WhiteElo "1146"]
[BlackElo "1214"]
[Opening "Modern defense"]
[ECO "A40"]
[NIC "QO.17"]
[Time "15:17:08"]
[TimeControl "900+5"]

1. d4 g6 2. c4 Bg7 3. Nf3 d6 4. e3 Nf6 5. Bd3 O-O 6. O-O c6 7. Nc3 b6 8. Qe2
Nbd7 9. Bd2 Bb7 10. Rad1 Rc8 11. e4 d5 12. cxd5 cxd5 13. Rfe1 dxe4 14. Nxe4
Nxe4 15. Bxe4 Ba6 16. Qxa6 Rc7 17. Rc1 Qc8 18. Qxc8 Rcxc8 19. Rxc8 Rxc8 20.
Rc1 Rxc1+ 21. Bxc1 Nf6 22. Bd3 Nd5 23. h3 Nb4 24. Bc4 Nc6 25. Ng5 Nxd4 26.
Bxf7+ Kf8 27. Bb3 Ne2+ 28. Kf1 Nxc1 29. Nxh7+ Ke8 30. Ba4+ Kd8 31. a3 Bxb2
32. Ng5 Bxa3 33. Ne6+ Kc8 34. Nd4 Kb8 35. Nc6+ Kb7 36. Nxe7 Bxe7 {White
resigns} 0-1

[Event "ICC tourney 1923 (15 5)"]
[Site "Internet Chess Club"]
[Date "2020.07.17"]
[Round "4"]
[White "OwenT"]
[Black "ChessMonkey123"]
[Result "1-0"]
[ICCResult "Black resigns"]
[WhiteElo "1584"]
[BlackElo "1426"]
[Opening "Giuoco Piano"]
[ECO "C50"]
[NIC "IG.02"]
[Time "15:16:27"]
[TimeControl "900+5"]

1. e4 e5 2. Nf3 Nc6 3. Bc4 Bc5 4. O-O Nf6 5. d3 h6 6. Nc3 d6 7. h3 O-O 8. a3
a5 9. Be3 Bxe3 10. fxe3 Be6 11. Bxe6 fxe6 12. d4 exd4 13. exd4 e5 14. d5 Ne7
15. Qd3 Ng6 16. Ne2 Nh5 17. c3 Ngf4 18. Nxf4 Nxf4 19. Qb5 b6 20. Qc4 Qe8 21.
Kh2 Qd7 22. Nh4 Rac8 23. Nf5 Kh7 24. a4 g6 25. Ne3 h5 26. Rf3 Kh6 27. Raf1
Rf7 28. g3 Qxh3+ 29. Kg1 g5 30. gxf4 Qh4 31. Ng2 Qg4 32. fxg5+ Qxg5 33. Rxf7
Rg8 34. R1f6+ Qxf6 35. Rxf6+ {Black resigns} 1-0

[Event "ICC tourney 1923 (15 5)"]
[Site "Internet Chess Club"]
[Date "2020.07.17"]
[Round "4"]
[White "Phineashrad"]
[Black "serenacool"]
[Result "0-1"]
[ICCResult "White checkmated"]
[WhiteElo "1249"]
[BlackElo "1428"]
[Opening "two knights defense: Wilkes Barre (Traxler) variation"]
[ECO "C57"]
[NIC "KP.01"]
[Time "15:16:10"]
[TimeControl "900+5"]

1. e4 e5 2. Nf3 Nc6 3. Bc4 Nf6 4. Ng5 Bc5 5. Nxf7 Bxf2+ 6. Kxf2 Nxe4+ 7. Ke3
Qh4 8. Qf3 Nf6 9. Nxh8 Nd4 10. g3 Qg5+ 11. Kf2 Nxf3 12. Kxf3 Qg4+ 13. Kf2
Qxc4 14. Nc3 b6 15. d3 Qd4+ 16. Be3 Ng4+ 17. Kg2 Bb7+ 18. Kh3 Nxe3 19. Rhe1
Qg4# {White checkmated} 0-1

[Event "ICC tourney 1923 (15 5)"]
[Site "Internet Chess Club"]
[Date "2020.07.17"]
[Round "4"]
[White "megahertz13"]
[Black "dhroov"]
[Result "1-0"]
[ICCResult "Black resigns"]
[WhiteElo "1456"]
[BlackElo "1366"]
[Opening "Caro-Kann: 3.Nd2"]
[ECO "B12"]
[NIC "CK.02"]
[Time "15:16:19"]
[TimeControl "900+5"]

1. e4 c6 2. d4 d5 3. Nd2 e6 4. Ngf3 Nf6 5. e5 Nfd7 6. Bd3 c5 7. c3 c4 8. Bc2
g6 9. O-O Bg7 10. Re1 O-O 11. Nf1 Nc6 12. Ng3 b5 13. a3 Re8 14. Bg5 Qc7 15.
Qd2 a5 16. Bh6 Rb8 17. Qg5 f6 18. exf6 Bxf6 19. Qg4 Kh8 20. Rxe6 Rxe6 21.
Qxe6 Ba6 22. Qf7 Rg8 23. Nh5 Qd8 24. Nxf6 Nxf6 25. Re1 Ng4 26. Ng5 Nf6 27.
Re6 Qd7 28. Qxf6+ Rg7 29. Re8+ {Black resigns} 1-0